TOP OF THE 1ST |
Austin River Sharks batting - Pitching for Springfield Stars : LHP Anthony Erickson
|
Pitching: LHP Anthony Erickson
|
|
Batting: RHB Todd Bryant
|
0-0: Foul Ball, location: 2F 0-1: Called Strike 0-2: Ball 1-2: Ball 2-2: Ball 3-2: SINGLE (Flyball, 89S)
|
Batting: RHB Richard Coker
|
0-0: SINGLE (Groundball, 4MD) Todd Bryant to second Runner from 2nd tries for 3rd, SAFE, throw made to third
|
Batting: LHB Greg Nelson
|
0-0: Called Strike 0-1: Ball 1-1: Foul Ball, location: 2F 1-2: Ball 2-2: Ball 3-2: Foul Ball, location: 2F 3-2: 3-RUN HOME RUN (Flyball, 9D), Distance : 407 ft
|
Batting: RHB Manny Copriviza
|
0-0: Ball 1-0: Ball 2-0: Called Strike 2-1: Foul Ball, location: 2F 2-2: Strikes out looking
|
Batting: LHB Harry Pitts
|
0-0: Called Strike 0-1: Ball 1-1: Ball 2-1: Swinging Strike 2-2: Ball 3-2: Strikes out swinging
|
Batting: RHB Carlos Guzmán
|
0-0: SINGLE (Groundball, 56) (infield hit)
|
Batting: LHB José Liñares
|
0-0: Ball 1-0: SINGLE (Groundball, 34) (infield hit) Carlos Guzmán to second
|
Batting: RHB Eric Neal
|
0-0: Ball 1-0: Ball 2-0: Called Strike 2-1: Ball 3-1: Called Strike 3-2: Foul Ball, location: 2F 3-2: Ground out 6-3 (Groundball, 6)
|
Top of the 1st over - 3 run(s), 5 hit(s), 0 error(s), 2 left on base; Austin 3 - Springfield 0 |
BOTTOM OF THE 1ST |
Springfield Stars batting - Pitching for Austin River Sharks : RHP Hiroshige Yamada
|
Pitching: RHP Hiroshige Yamada
|
|
Batting: RHB Calvin Bennett
|
0-0: Ball 1-0: Ball 2-0: Called Strike 2-1: Foul Ball, location: 2F 2-2: Fly out, F8 (Flyball, 78XD)
|
Batting: RHB Juan Rodríguez
|
0-0: Foul Ball, location: 2F 0-1: Ball 1-1: Foul Ball, location: 2F 1-2: Ball 2-2: Strikes out swinging
|
Batting: LHB Derek Davidson
|
0-0: Swinging Strike 0-1: DOUBLE (Line Drive, 8RXD) - OUT at third base trying to stretch hit.
|
Bottom of the 1st over - 0 run(s), 1 hit(s), 0 error(s), 0 left on base; Austin 3 - Springfield 0 |
TOP OF THE 2ND |
Austin River Sharks batting - Pitching for Springfield Stars : LHP Anthony Erickson
|
Batting: RHB Dexter Potter
|
0-0: Ball 1-0: Ball 2-0: DOUBLE (Line Drive, 9LM)
|
Batting: RHB Todd Bryant
|
0-0: Foul Ball, location: 2F 0-1: Swinging Strike 0-2: Ball 1-2: Ball 2-2: Foul Ball, location: 2F 2-2: Fly out, F8 (Flyball, 8LM)
|
Batting: RHB Richard Coker
|
0-0: DOUBLE (Flyball, 89M) Dexter Potter scores
|
Batting: LHB Greg Nelson
|
0-0: Ball 1-0: Ball 2-0: Called Strike 2-1: Swinging Strike 2-2: Strikes out swinging
|
Batting: RHB Manny Copriviza
|
0-0: Foul Ball, location: 2F 0-1: Ball 1-1: Ball 2-1: Foul Ball, location: 2F 2-2: Foul Ball, location: 2F 2-2: Ball 3-2: Fly out, F9 (Flyball, 9LS)
|
Top of the 2nd over - 1 run(s), 2 hit(s), 0 error(s), 1 left on base; Austin 4 - Springfield 0 |
BOTTOM OF THE 2ND |
Springfield Stars batting - Pitching for Austin River Sharks : RHP Hiroshige Yamada
|
Batting: SHB Shane Hutchinson
|
0-0: Ball 1-0: Ball 2-0: Foul Ball, location: 2F 2-1: SINGLE (Flyball, 8LS)
|
Batting: LHB Felipe Guerrero
|
0-0: Swinging Strike 0-1: Ball 1-1: Ball 2-1: Ball 3-1: Swinging Strike 3-2: Strikes out swinging Shane Hutchinson is caught stealing 2nd base Batter strikes out.
|
Batting: LHB Elliott Newell
|
0-0: Ball 1-0: Ball 2-0: Ball 3-0: Base on Balls
|
Batting: LHB Jesús Tobías
|
0-0: Swinging Strike 0-1: Ground out U3 (Groundball, 3)
|
Bottom of the 2nd over - 0 run(s), 1 hit(s), 0 error(s), 1 left on base; Austin 4 - Springfield 0 |
TOP OF THE 3RD |
Austin River Sharks batting - Pitching for Springfield Stars : LHP Anthony Erickson
|
Batting: LHB Harry Pitts
|
0-0: TRIPLE (Line Drive, 9LM)
|
Batting: RHB Carlos Guzmán
|
0-0: Called Strike 0-1: Swinging Strike 0-2: Strikes out looking
|
Batting: LHB José Liñares
|
0-0: Ball 1-0: Called Strike 1-1: Ball Wild Pitch! Harry Pitts scores 2-1: Ball 3-1: Foul Ball, location: 2F 3-2: Base on Balls
|
Batting: RHB Eric Neal
|
0-0: Called Strike 0-1: Called Strike 0-2: Strikes out looking
|
Batting: RHB Dexter Potter
|
0-0: Ball 1-0: Ground out 5-3 (Groundball, 5S)
|
Top of the 3rd over - 1 run(s), 1 hit(s), 0 error(s), 1 left on base; Austin 5 - Springfield 0 |
BOTTOM OF THE 3RD |
Springfield Stars batting - Pitching for Austin River Sharks : RHP Hiroshige Yamada
|
Batting: RHB Juan Carlos Rodríguez
|
0-0: Called Strike 0-1: Ball 1-1: Ball 2-1: Fly out, F9 (Flyball, 89M)
|
Batting: RHB Will Sterling
|
0-0: Ball 1-0: Ball 2-0: Called Strike 2-1: Foul Ball, location: 2F 2-2: Fly out, F2 (Popup, 23)
|
Batting: RHB Calvin Bennett
|
0-0: Foul Ball, location: 2F 0-1: Ball 1-1: Foul Ball, location: 2F 1-2: Ball 2-2: Foul Ball, location: 2F 2-2: Ball 3-2: Foul Ball, location: 2F 3-2: Ground out 4-3 (Groundball, 4)
|
Bottom of the 3rd over - 0 run(s), 0 hit(s), 0 error(s), 0 left on base; Austin 5 - Springfield 0 |
TOP OF THE 4TH |
Austin River Sharks batting - Pitching for Springfield Stars : LHP Anthony Erickson
|
Batting: RHB Todd Bryant
|
0-0: Ground out 6-3 (Groundball, 6)
|
Batting: RHB Richard Coker
|
0-0: Ball 1-0: Foul Ball, location: 2F 1-1: Swinging Strike 1-2: Ball 2-2: Strikes out looking
|
Batting: LHB Greg Nelson
|
0-0: Foul Ball, location: 2F 0-1: Fly out, F8 (Flyball, 8LM)
|
Top of the 4th over - 0 run(s), 0 hit(s), 0 error(s), 0 left on base; Austin 5 - Springfield 0 |
BOTTOM OF THE 4TH |
Springfield Stars batting - Pitching for Austin River Sharks : RHP Hiroshige Yamada
|
Batting: RHB Juan Rodríguez
|
0-0: Ball 1-0: Ball 2-0: Swinging Strike 2-1: Swinging Strike 2-2: Foul Ball, location: 2F 2-2: Foul Ball, location: 2F 2-2: Ball 3-2: Ground out 1-3 (Groundball, 15S)
|
Batting: LHB Derek Davidson
|
0-0: Ball 1-0: Ball 2-0: Called Strike 2-1: Foul Ball, location: 2F 2-2: Ball 3-2: Foul Ball, location: 2F 3-2: Base on Balls
|
Batting: SHB Shane Hutchinson
|
0-0: Ball 1-0: Called Strike 1-1: Foul Ball, location: 2F 1-2: Fly out, F8 (Flyball, 8RS)
|
Batting: LHB Felipe Guerrero
|
0-0: Foul Ball, location: 2F 0-1: Foul Ball, location: 2F 0-2: Ball 1-2: Ball 2-2: Ball 3-2: Fly out, F7 (Flyball, 7LS)
|
Bottom of the 4th over - 0 run(s), 0 hit(s), 0 error(s), 1 left on base; Austin 5 - Springfield 0 |
TOP OF THE 5TH |
Austin River Sharks batting - Pitching for Springfield Stars : LHP Anthony Erickson
|
Pitching: RHP George Lockhart
|
|
Batting: RHB Manny Copriviza
|
0-0: Foul Ball, location: 2F 0-1: Ball 1-1: Ball 2-1: Ball 3-1: Base on Balls
|
Batting: LHB Harry Pitts
|
0-0: Ball 1-0: Called Strike 1-1: Foul Ball, location: 2F 1-2: Foul Ball, location: 2F 1-2: Fly out, F8 (Flyball, 8LM)
|
Batting: RHB Carlos Guzmán
|
0-0: Grounds into double play, 5-4-3 (Groundball, 56)
|
Top of the 5th over - 0 run(s), 0 hit(s), 0 error(s), 0 left on base; Austin 5 - Springfield 0 |
BOTTOM OF THE 5TH |
Springfield Stars batting - Pitching for Austin River Sharks : RHP Hiroshige Yamada
|
Batting: LHB Elliott Newell
|
0-0: Ground out 4-3 (Groundball, 34)
|
Batting: LHB Jesús Tobías
|
0-0: Swinging Strike 0-1: Ground out 4-3 (Groundball, 34D)
|
Batting: RHB Juan Carlos Rodríguez
|
0-0: Fly out, F3 (Popup, 3L)
|
Bottom of the 5th over - 0 run(s), 0 hit(s), 0 error(s), 0 left on base; Austin 5 - Springfield 0 |
TOP OF THE 6TH |
Austin River Sharks batting - Pitching for Springfield Stars : RHP George Lockhart
|
Batting: LHB José Liñares
|
0-0: Ball 1-0: Ball 2-0: Ball 3-0: Called Strike 3-1: Called Strike 3-2: Foul Ball, location: 2F 3-2: Base on Balls
|
Batting: RHB Eric Neal
|
0-0: Ball 1-0: Swinging Strike 1-1: Ball Pickoff Throw to First - Error! E1 José Liñares to second 2-1: Ball 3-1: Swinging Strike 3-2: Foul Ball, location: 2F 3-2: Foul Ball, location: 2F 3-2: Strikes out swinging, 2-3 out at first.
|
Batting: RHB Dexter Potter
|
0-0: Foul Ball, location: 2F 0-1: Foul Ball, location: 2F 0-2: Ball 1-2: Strikes out looking
|
Batting: RHB Todd Bryant
|
0-0: Called Strike 0-1: Ball 1-1: Ball 2-1: Swinging Strike 2-2: Ball 3-2: Ground out 1-3 (Groundball, P)
|
Top of the 6th over - 0 run(s), 0 hit(s), 1 error(s), 1 left on base; Austin 5 - Springfield 0 |
BOTTOM OF THE 6TH |
Springfield Stars batting - Pitching for Austin River Sharks : RHP Hiroshige Yamada
|
Batting: RHB Will Sterling
|
0-0: Ball 1-0: Called Strike 1-1: Swinging Strike 1-2: Foul Ball, location: 2F 1-2: Foul Ball, location: 2F 1-2: Ball 2-2: Foul Ball, location: 2F 2-2: Ball 3-2: Foul Ball, location: 2F 3-2: DOUBLE (Line Drive, 89D)
|
Batting: RHB Calvin Bennett
|
0-0: Ball 1-0: Called Strike 1-1: Called Strike 1-2: Ball 2-2: Ground out 6-3 (Groundball, 6M) Will Sterling to third
|
Batting: RHB Juan Rodríguez
|
0-0: Ball 1-0: Called Strike 1-1: Foul Ball, location: 2F 1-2: SINGLE (Groundball, 56D) Will Sterling scores
|
Batting: LHB Derek Davidson
|
0-0: Ball 1-0: Foul Ball, location: 2F 1-1: Ball 2-1: Ball 3-1: Foul Ball, location: 2F 3-2: Fly out, F8 (Line Drive, 89M)
|
Batting: SHB Shane Hutchinson
|
0-0: Ball Juan Rodríguez steals 2nd base 1-0: Ball 2-0: Called Strike 2-1: Ball 3-1: Ground out 4-3 (Groundball, 4)
|
Bottom of the 6th over - 1 run(s), 2 hit(s), 0 error(s), 1 left on base; Austin 5 - Springfield 1 |
TOP OF THE 7TH |
Austin River Sharks batting - Pitching for Springfield Stars : RHP George Lockhart
|
Pitching: RHP Hyo-chin Ch'oe
|
|
Batting: RHB Richard Coker
|
0-0: Ball 1-0: Ball 2-0: Ground out 5-3 (Groundball, 56S)
|
Batting: LHB Greg Nelson
|
0-0: Called Strike 0-1: Foul Ball, location: 2F 0-2: Strikes out looking
|
Batting: RHB Manny Copriviza
|
0-0: Ball 1-0: Swinging Strike 1-1: DOUBLE (Line Drive, 3D)
|
Batting: LHB Harry Pitts
|
0-0: SINGLE (Line Drive, 56D) Manny Copriviza to third
|
Batting: RHB Carlos Guzmán
|
0-0: Ball 1-0: Ball 2-0: Ball 3-0: Base on Balls Harry Pitts to second
|
Batting: LHB José Liñares
|
0-0: Foul Ball, location: 2F 0-1: Swinging Strike 0-2: Ball 1-2: Ball 2-2: Foul Ball, location: 2F 2-2: SINGLE (Line Drive, 78M) Manny Copriviza scores Harry Pitts to third Carlos Guzmán to second Runner from 3rd tries for Home, SAFE, no throw
|
Batting: RHB Eric Neal
|
0-0: Ground out U3 (Groundball, 3S)
|
Top of the 7th over - 2 run(s), 3 hit(s), 0 error(s), 2 left on base; Austin 7 - Springfield 1 |
BOTTOM OF THE 7TH |
Springfield Stars batting - Pitching for Austin River Sharks : RHP Hiroshige Yamada
|
Pitching: RHP Tatsuzo Harada
|
|
Batting: LHB Felipe Guerrero
|
0-0: Called Strike 0-1: Ball 1-1: SINGLE (Line Drive, 56D)
|
Batting: LHB Elliott Newell
|
0-0: Ball 1-0: Ball 2-0: Ball 3-0: Called Strike 3-1: Called Strike 3-2: Foul Ball, location: 2F 3-2: Base on Balls Felipe Guerrero to second
|
Batting: LHB Jesús Tobías
|
0-0: Ball 1-0: Ball 2-0: Called Strike 2-1: Fly out, F9 (Flyball, 9LM)
|
Batting: RHB Juan Carlos Rodríguez
|
0-0: Ball 1-0: Foul Ball, location: 2F 1-1: Fly out, F9 (Flyball, 9LSF)
|
Batting: RHB Will Sterling
|
0-0: SINGLE (Line Drive, 78M) Felipe Guerrero to third Elliott Newell to second Runner from 3rd tries for Home, SAFE, no throw
|
Batting: RHB Calvin Bennett
|
0-0: Fielders Choice at 2nd, 5-4 (Groundball, 56)
|
Bottom of the 7th over - 1 run(s), 2 hit(s), 0 error(s), 1 left on base; Austin 7 - Springfield 2 |
TOP OF THE 8TH |
Austin River Sharks batting - Pitching for Springfield Stars : RHP Hyo-chin Ch'oe
|
Pitching: LHP Jorge Aybar
|
|
Batting: RHB Dexter Potter
|
0-0: Ball 1-0: Called Strike 1-1: Fly out, F8 (Flyball, 8LM)
|
Batting: RHB Todd Bryant
|
0-0: Called Strike 0-1: Foul Ball, location: 2F 0-2: Strikes out swinging
|
Batting: RHB Richard Coker
|
0-0: Called Strike 0-1: Ball 1-1: Ball 2-1: Ground out 4-3 (Groundball, 4)
|
Top of the 8th over - 0 run(s), 0 hit(s), 0 error(s), 0 left on base; Austin 7 - Springfield 2 |
BOTTOM OF THE 8TH |
Springfield Stars batting - Pitching for Austin River Sharks : RHP Tatsuzo Harada
|
Batting: RHB Juan Rodríguez
|
0-0: Called Strike 0-1: Swinging Strike 0-2: Foul Ball, location: 2F 0-2: Foul Ball, location: 2F 0-2: Fly out, F9 (Flyball, 9LM)
|
Batting: LHB Derek Davidson
|
0-0: Called Strike 0-1: Ball 1-1: Ball 2-1: Ball 3-1: SINGLE (Flyball, 8RS)
|
Batting: SHB Shane Hutchinson
|
0-0: Called Strike 0-1: Ball 1-1: Ball 2-1: Ball 3-1: Base on Balls Derek Davidson to second
|
Batting: LHB Felipe Guerrero
|
0-0: Ball 1-0: Ball 2-0: Ball 3-0: Base on Balls Derek Davidson to third Shane Hutchinson to second
|
Pitching: LHP António Bueno
|
|
Batting: LHB Elliott Newell
|
0-0: Ball 1-0: Called Strike 1-1: Ball 2-1: Ball 3-1: Base on Balls Derek Davidson scores Shane Hutchinson to third Felipe Guerrero to second
|
Batting: LHB Jesús Tobías
|
0-0: Ball 1-0: SINGLE (Line Drive, 4MD) Shane Hutchinson scores Felipe Guerrero to third Elliott Newell to second
|
Pitching: RHP José Salinas
|
|
Batting: RHB Juan Carlos Rodríguez
|
0-0: Called Strike 0-1: Swinging Strike 0-2: Ball 1-2: Ball 2-2: Ball 3-2: Foul Ball, location: 2F 3-2: SINGLE (Groundball, 56D) Felipe Guerrero scores Elliott Newell to third Jesús Tobías to second Runner from 3rd tries for Home, SAFE, throw made home Jesús Tobías to third Juan Carlos Rodríguez to second
|
Batting: RHB Will Sterling
|
0-0: Ground out 6-3 (Groundball, 6)
|
Batting: RHB Calvin Bennett
|
0-0: Fly out, F6 (Flyball, 6MD)
|
Bottom of the 8th over - 4 run(s), 3 hit(s), 0 error(s), 2 left on base; Austin 7 - Springfield 6 |
TOP OF THE 9TH |
Austin River Sharks batting - Pitching for Springfield Stars : LHP Jorge Aybar
|
Batting: LHB Greg Nelson
|
0-0: Called Strike 0-1: Ball 1-1: Ball 2-1: Ball 3-1: Ground out U3 (Groundball, 34)
|
Batting: RHB Manny Copriviza
|
0-0: Ball 1-0: Called Strike 1-1: Ground out 5-3 (Groundball, 56)
|
Batting: LHB Harry Pitts
|
0-0: Called Strike 0-1: Called Strike 0-2: Fly out, F4 (Popup, 4D)
|
Top of the 9th over - 0 run(s), 0 hit(s), 0 error(s), 0 left on base; Austin 7 - Springfield 6 |
BOTTOM OF THE 9TH |
Springfield Stars batting - Pitching for Austin River Sharks : RHP José Salinas
|
Pitching: RHP Josh Graham
|
|
Now in LF: Enrico Vargas
|
|
Batting: RHB Juan Rodríguez
|
0-0: Ball 1-0: Foul Ball, location: 2F 1-1: Ball 2-1: Ball 3-1: Foul Ball, location: 2F 3-2: Base on Balls
|
Batting: LHB Derek Davidson
|
0-0: Foul Ball, location: 2F 0-1: Ball 1-1: Swinging Strike 1-2: SINGLE (Line Drive, 34D) Juan Rodríguez to second
|
Batting: SHB Shane Hutchinson
|
0-0: SINGLE (Flyball, 7S) Juan Rodríguez to third Derek Davidson to second
|
Batting: LHB Felipe Guerrero
|
0-0: Ball 1-0: Ball 2-0: Called Strike 2-1: GRAND SLAM HOME RUN (Flyball, 9D), Distance : 405 ft
|
Tuesday, August 8th, 2017 - OOTP Baseball 17.12 Build 75
|
|